AoeStats
← garbagekingduki

Migration

510233698Analyzed
1v1 RM · 24h ago on Sep 30, 2026· 44m 58s· 2 players
Game mode
Random Map
Map size
132×132
Population
200
Speed
Normal
Resources
Standard
Victory
Conquest
Starting age
Dark Age
Ending age
Imperial Age
RankedLock teamsTeams togetherTeam positionsShared explorationLock speedFull tech treeHidden civsTurbo modeCheats
Victory
Defeat
🇺🇸 Saxons · United States
1013
+18
🇺🇸 Varangians · United States
1047
-18
garbagekingduki
12:36 Feudal Age
16:44 Castle Age
14:32 Loom
20:47 Wheelbarrow
21:21 Town Watch
29:53 Forging
29:48 Scale Barding Armor
31:38 Bloodlines
32:09 Hand Cart
36:41 Chain Barding Armor
41:18 Imperial Age
39:27 Medium Warships
40:15 Iron Casting
41:58 Cavalier
jimmythicks
10:48 Feudal Age
12:12 Double-Bit Axe
13:13 Gold Mining
16:31 Loom
19:31 Castle Age
21:29 Stone Mining
25:11 Imperial Age
23:14 Bow Saw
24:25 Ballistics
24:27 Fletching
25:22 Gold Shaft Mining
27:07 Wheelbarrow
28:08 Chemistry
29:14 Bodkin Arrow
30:37 Hand Cart
33:19 Scale Mail Armor
33:30 Forging
32:49 Elite Hearth Troop
35:01 Chain Mail Armor
34:48 Horse Collar
35:53 Iron Casting
36:20 Conscription
37:30 Plate Mail Armor
38:24 Shield Wall
43:07 Bracer
43:34 Elite Longship
44:51 Squires
44:38 Arson
Connection lost

Rejoining the realm…

Still unreachable

The connection could not be restored.

Session expired

The server has moved on; the page needs a fresh start.